 Dungeon Crawl Stone Soup version 0.25-a0-94-g9e23508adf (webtiles) character file.

Game seed: 15939627611113328091, levelgen mode: deterministic

395 MordorOrchid the Insei (level 6, -1/44 HPs)
             Began as a Demonspawn Skald on Nov 11, 2019.
             Slain by a killer bee zombie (5 damage)
             ... in an ossuary.
             The game lasted 00:10:01 (4641 turns).

MordorOrchid the Insei (Demonspawn Skald)           Turns: 4641, Time: 00:10:02

Health: -1/44      AC: 13    Str: 11    XL:     6   Next: 52%
Magic:  9/9        EV:  3    Int: 16    God:
Gold:   138        SH:  0    Dex: 13    Spells: 1/9 levels left

rFire    . . .     SeeInvis +   y - +2 dagger (flame)
rCold    . . .     Gourm    .   (no shield)
rNeg     . . .     Faith    .   k - +0 plate armour
rPois    .         Spirit   .   (helmet restricted)
rElec    .         Reflect  .   (no cloak)
rCorr    .         Harm     .   (no gloves)
MR       +....                  b - +0 pair of boots
Stlth    ..........             C - amulet of the acrobat
HPRegen  0.14/turn              d - ring of protection from magic
MPRegen  0.11/turn              v - ring of see invisible

@: no status effects
A: horns 2
a: no special abilities


You were in an ossuary.
You were very hungry.

You visited 1 branch of the dungeon, and saw 4 of its levels.
You also visited: Ossuary.

You collected 138 gold pieces.

Inventory:

Hand Weapons
 j - a +1 hunting sling of velocity
 y - a +2 dagger of flaming (weapon)
Missiles
 h - 12 sling bullets
 i - 63 arrows
 l - 26 stones
 q - 24 poisoned darts (quivered)
 E - 17 bolts
Armour
 a - a +0 leather armour
 b - a +0 pair of boots (worn)
 k - a +0 plate armour (worn)
 n - a +0 ring mail
Jewellery
 d - a ring of protection from magic (left hand)
 m - a +4 ring of intelligence
 r - an uncursed ring of magical power
 v - a ring of see invisible (right hand)
 x - an uncursed ring of ice {unknown}
 C - an amulet of the acrobat (around neck)
 D - an uncursed ring of protection from fire
Scrolls
 g - a scroll of enchant weapon {unknown}
 p - a scroll of remove curse
 s - a scroll of amnesia {unknown}
 B - a scroll of teleportation
Potions
 e - 2 potions of experience {unknown}
 f - a potion of ambrosia {unknown}
 o - a potion of heal wounds
 t - a potion of flight {unknown}
 u - a potion of mutation {unknown}
 z - a potion of cancellation {unknown}
 A - a potion of lignification
 F - a potion of haste {unknown}
Comestibles
 c - 4 rations


   Skills:
 - Level 2.0 Fighting
 * Level 4.0 Armour
 - Level 1.7 Dodging
 * Level 4.9 Unarmed Combat
 - Level 2.0 Spellcasting
 - Level 2.6 Charms


You had one spell level left.
You knew the following spells:

 Your Spells              Type           Power        Failure   Level  Hunger
a - Infusion              Chrm           ##..         100%        1    #......
b - Song of Slaying       Chrm           ##......     100%        2    ###....
c - Regeneration          Chrm/Necr      #.........   100%        3    ###....
y - Shroud of Golubria    Chrm/Tloc      #.....       100%        2    ###....

Your spell library contained the following spells:

 Spells                   Type           Power        Failure   Level  Hunger
 Spectral Weapon          Hex/Chrm       #.......     100%        3    ###....


Dungeon Overview and Level Annotations

Branches:
Dungeon (4/15)            Ossuary (1/1)
 Temple: D:4-7

Altars:
Hepliaklqana
Makhleb
Okawaru
Uskayaw
Yredelemnul

Annotations:
D:3 3 runed translucent doors, D1HalberdGnoll's ghost, amateur MfSk; TimeIsEndless's ghost, amateur OpVM


Innate Abilities, Weirdness & Mutations

You have a pair of horns on your head.


Message History

You are too injured to fight recklessly!
You are too injured to fight recklessly!
You are too injured to fight recklessly!
You are too injured to fight recklessly!
You hit the mummy but do no damage.
The mummy is severely damaged.
You hit the mummy. You burn the mummy.
The mummy is severely damaged.
The mummy hits you!
* * * LOW HITPOINT WARNING * * *
You hit the mummy but do no damage. Your headbutt misses the mummy.
The mummy is severely damaged.
The mummy hits you.
* * * LOW HITPOINT WARNING * * *
You hit the mummy. You burn the mummy.
The mummy is almost destroyed.
You hit the mummy. You burn the mummy.
You destroy the mummy!
The killer bee zombie hits you.
You die...

+#+# ..+
#####.###
#...#.'.#
#.∩.Z.###
#∩.@#...#
#####≈≈Z≈≈≈≈
+.(P#≈≈≈
#.#(≈≈#≈
#≈'(#≈#
+M#≈≈≈≈# ≈.
≈≈≈≈


You could see a killer bee zombie.

Vanquished Creatures
  A scorpion (D:3)
  A crimson imp (D:3)
  2 bullfrog zombies (Ossuary)
  5 mummies (Ossuary)
  2 worker ant zombies (Ossuary)
  3 gnolls (D:2)
  3 adders (D:2)
  2 oozes (D:1)
  An adder zombie (Ossuary)
  2 worms (D:2)
  A dart slug (D:2)
  4 leopard geckos
  5 orcs (D:3)
  10 bats
  4 giant cockroaches
  6 goblins
  7 hobgoblins
  2 jackals (D:3)
  2 quokkas (D:2)
  2 frilled lizards
  4 kobolds
  A leopard gecko zombie (Ossuary)
  2 quokka zombies (Ossuary)
  10 rats
82 creatures vanquished.

Vanquished Creatures (others)
  A withered plant (Ossuary)
1 creature vanquished.

Grand Total: 83 creatures vanquished

Notes
Turn   | Place    | Note
-------+----------+-------------------------------------------
     0 | D:1      | MordorOrchid the Demonspawn Skald began the quest for the
                  | Orb.
     0 | D:1      | Reached XP level 1. HP: 16/16 MP: 3/3
    63 | D:1      | Reached skill level 1 in Armour
   559 | D:1      | Gained mutation: You have a pair of small horns on your
                  | head. [demonic ancestry]
   559 | D:1      | Reached XP level 2. HP: 8/22 MP: 5/5
  1276 | D:1      | Reached XP level 3. HP: 27/27 MP: 6/6
  1303 | D:1      | Learned a level 2 spell: Song of Slaying
  1306 | D:1      | Learned a level 2 spell: Shroud of Golubria
  1936 | D:2      | Reached XP level 4. HP: 33/33 MP: 7/7
  3178 | D:3      | Reached XP level 5. HP: 8/38 MP: 8/8
  3822 | D:3      | Learned a level 3 spell: Regeneration
  3842 | D:3      | Found a runed translucent gate.
  3842 | D:3      | Found a runed translucent gate.
  3844 | D:3      | Found a runed translucent gate.
  3846 | D:3      | Noticed D1HalberdGnoll's ghost (amateur MfSk)
  3846 | D:3      | Noticed TimeIsEndless's ghost (amateur OpVM)
  3953 | D:3      | Found a hazy altar of Hepliaklqana.
  4230 | D:3      | Found a burning altar of Makhleb.
  4386 | D:3      | Found a hide-covered altar of Uskayaw.
  4388 | D:3      | Found a basalt altar of Yredelemnul.
  4389 | D:3      | Found an iron altar of Okawaru.
  4423 | D:4      | Found a sand-covered staircase.
  4429 | Ossuary  | Entered an ossuary
  4460 | Ossuary  | Gained mutation: You have a pair of horns on your head.
                  | [demonic ancestry]
  4460 | Ossuary  | Reached XP level 6. HP: 36/44 MP: 9/9
  4641 | Ossuary  | Slain by a killer bee zombie

Levels and vault maps discovered:
D:1:      nzn_arrival_depleted_hourglass, layout_loops_ring,
          minmay_crystal_water, minmay_3d_cube
D:2:      layout_loops_corners, first_ration, hangedman_feature_mirror
D:3:      layout_basic, lemuel_round_altar, gammafunk_temple_overflow_forgotten,
          makhleb_grotto_becter, gammafunk_ghost_cemetery
D:4:      layout_basic, tgw_trog, grunt_temple_overflow_diamond,
          enter_ossuary_2, okawaru_trees_2
Ossuary:  ossuary_zaba_flooded

Skill      XL: |  1  2  3  4  5  6 |
---------------+-------------------+-----
Armour         | 1 2 3 4 |  4.0
Unarmed Combat | 2 3 4 |  4.9
Fighting       | |  2.0
Dodging        | |  1.7
Spellcasting   | |  2.0
Charms         | |  2.6

Action                   |  1- 3 |  4- 6 || total
-------------------------+-------+-------++-------
Melee: Unarmed           |   134 |   233 ||   367
       Punch             |     1 |     2 ||     3
       Headbutt          |    11 |    54 ||    65
       Dagger            |       |   100 ||   100
 Fire: Hunting sling     |       |    52 ||    52
Throw: Dart              |    24 |     4 ||    28
  Use: Scroll            |     2 |     4 ||     6
       Potion            |       |     2 ||     2
  Eat: Chunk             |     3 |     8 ||    11
Armor: Leather armour    |    25 |       ||    25
       Ring mail         |    31 |    33 ||    64
       Plate armour      |       |   138 ||   138
Dodge: Dodged            |    77 |    79 ||   156

Table legend:
 A = Non-vault XP
 B = Vault XP
 C = Vault XP percentage of total XP
 D = Non-vault monster count
 E = Vault monster count
 F = Vault count percentage of total count
                 A         B        C        D         E       F
            +---------+---------+-------+---------+---------+-------
      Total |     257 |     308 |  54.5 |      61 |      21 |  25.6
            +---------+---------+-------+---------+---------+-------
        D:1 |      28 |      14 |  33.3 |      14 |       5 |  26.3
        D:2 |     123 |       5 |   3.9 |      26 |       2 |   7.1
        D:3 |     106 |      50 |  32.1 |      21 |       1 |   4.5
    Ossuary |       0 |     239 | 100.0 |       0 |      13 | 100.0
            +---------+---------+-------+---------+---------+-------
